 Dungeon Crawl Stone Soup version 0.21.1-1-g345015f (webtiles) character file.

39 inc the Scratcher (level 3, -1/15 HPs)
             Began as a Felid Transmuter on Mar 6, 2018.
             Slain by a worm (11 damage)
             ... on level 2 of the Dungeon.
             The game lasted 00:02:56 (2144 turns).

inc the Scratcher (Felid Transmuter)                Turns: 2144, Time: 00:02:57

Health: -1/15      AC:  1    Str:  6    XL:     3   Next: 28%
Magic:  6/7        EV: 18    Int: 15    God:
Gold:   66         SH:  0    Dex: 16    Spells: 5/6 levels left
                                        Lives:  0   Deaths: 0

rFire    . . .     SeeInvis +     - Unarmed
rCold    . . .     Gourm    .   (shield unavailable)
rNeg     . . .     Faith    .   (armour unavailable)
rPois    .         Spirit   .   (helmet unavailable)
rElec    .         Reflect  .   (cloak unavailable)
rCorr    .         Harm     .   (gloves unavailable)
MR       .....                  (boots unavailable)
Stlth    ++........             (no amulet)
HPRegen  0.05/turn              (no ring)
MPRegen  0.10/turn              (no ring)

@: appendage, quick
A: very small, no armour, no weapons or thrown items, stealth, claws 1, fangs 3,
horns 2, see invisible, carnivore, speed 1, shaggy fur 1, slow metabolism 1,
sharp paws
a: End Transformation


You were on level 2 of the Dungeon.
You were not hungry.
You had grown temporary horns.
You visited 1 branch of the dungeon, and saw 2 of its levels.

You collected 66 gold pieces.

Inventory:

Missiles
 a - 12 arrows
Scrolls
 d - a scroll of magic mapping {unknown}
 e - 3 scrolls of teleportation {unknown}
 h - 4 scrolls of identify {unknown}
Potions
 f - a potion of ambrosia {unknown}
 g - a potion of flight
 j - a potion of brilliance {unknown}
Books
 b - a book of Changes

   Spells                             Type                      Level
   a - Beastly Appendage              Transmutation                1
   b - Sticks to Snakes               Transmutation                2
   c - Spider Form                    Transmutation/Poison         3
   d - Ice Form                       Ice/Transmutation            4
   e - Blade Hands                    Transmutation                5
Comestibles
 c - 2 rations


   Skills:
 - Level 1.0 Fighting
 - Level 2.6 Dodging
 + Level 4.4 Unarmed Combat
 - Level 2.0 Spellcasting
 - Level 2.1 Transmutations


You had 5 spell levels left.
You knew the following spells:

 Your Spells              Type           Power        Failure   Level  Hunger
a - Beastly Appendage     Tmut           #.....       9%          1    #......


Dungeon Overview and Level Annotations

Branches:
Dungeon (2/15)

Altars:


Innate Abilities, Weirdness & Mutations

You cannot wear armour.
You are incapable of wielding weapons or throwing items.
Your paws allow you to move quietly. (Stealth)
You have sharp claws.
You have razor-sharp teeth.
You have supernaturally acute eyesight. (SInv)
You are carnivorous and can eat meat at any time.
You cover ground quickly.
You are covered in fur. (AC +1)
You have a slow metabolism.
Your sharp claws are effective at attacking unaware monsters.
You have a pair of horns on your head.


Message History

The hobgoblin shouts!
The hobgoblin hits you.
A hobgoblin comes into view. It is wielding a club.
You closely miss the hobgoblin.
The hobgoblin shouts!
You hear an angry hiss.
The hobgoblin closely misses you.
Casting: Beastly Appendage
Confirm with . or Enter, or press ? or * to list all spells.
You grow a pair of large bovine horns.
The hobgoblin hits you.
You scratch the hobgoblin but do no damage.
The hobgoblin misses you.
You scratch the hobgoblin.
You kill the hobgoblin!
You claw the worm! You bite the worm.
The worm is moderately wounded.
You claw the worm! You headbutt the worm.
The worm is almost dead.
The worm bites you!
Ouch! That really hurt!
You die...

#####.#...
#.@wg.....
#.###.##.#
#.# .## #
#.# ..#.#
#.####.#.#
#.)......#
######.###
##.##.#
##...#.##
#


You could see a worm and a hobgoblin.

Vanquished Creatures
  An adder (D:2)
  An ooze (D:2)
  A worm (D:2)
  A dart slug (D:2)
  A giant cockroach (D:2)
  5 goblins
  3 hobgoblins
  3 kobolds
  3 bats
  A frilled lizard (D:2)
  2 rats (D:1)
22 creatures vanquished.

Notes
Turn   | Place    | Note
-------+----------+-------------------------------------------
     0 | D:1      | inc the Felid Transmuter began the quest for the Orb.
     0 | D:1      | Reached XP level 1. HP: 9/9 MP: 4/4
   134 | D:1      | Reached XP level 2. HP: 3/12 MP: 4/6
  1541 | D:2      | Reached skill level 4 in Unarmed Combat
  1651 | D:2      | Reached XP level 3. HP: 8/15 MP: 7/7
  2144 | D:2      | Slain by a worm

Skill      XL: |  1  2 |
---------------+-------+-----
Unarmed Combat | 4 |  4.4
Fighting       | |  1.0
Dodging        | |  2.6
Spellcasting   | |  2.0
Transmutations | |  2.1

Action                   || total
-------------------------++-------
Melee: Unarmed           ||    89
       Bite              ||     6
       Headbutt          ||     3
       Punch             ||     2
 Cast: Beastly Appendage ||     3
  Use: Potion            ||     3
 Stab: Sleeping          ||     6
  Eat: Chunk             ||     1
Armor: Skin              ||     4
Dodge: Dodged            ||    62
